 Dungeon Crawl Stone Soup version 0.31.0-11-ge490571c62 (webtiles) character file.

Game seed: 899442464806702352

18 Xavori the Trooper (level 2, -6/23 (25) HPs)
             Began as a Djinni Chaos Knight on Jan 26, 2024.
             Was a Plaything of Xom.
             Mangled by a chaos spawn (9 damage)
             ... summoned by Xom
             ... on level 1 of the Dungeon.
             The game lasted 00:00:53 (5935 turns).

Xavori the Trooper (Djinni Chaos Knight)            Turns: 5935, Time: 00:00:53

HP:   -6/23 (25)    AC:  5    Str: 11    XL:     2   Next: 85%
Gold: 89            EV: 11    Int: 19    God:    Xom [......] SH:  0 Dex: 12

rFire   + + .        a - +0 falchion (chaos)
rCold   x . .        (no shield)
rNeg    + . .        b - +2 leather armour
rPois   ∞            (no helmet)
rElec   .            (no cloak)
rCorr   .            (no gloves)
SInv    .            (boots unavailable)
Will    .....        (no amulet)
Stlth   +            i - +6 ring of intelligence
HPRegen 0.23/turn    g - ring of positive energy
MPRegen 0.00/turn

%: infuse magic (-7 HP)
@: flying, drained
A: sickness immunity, fire resistance 2, cold vulnerability 1, float, innate
caster, HP casting, extra vitality 1, subdued magic 1
a: Renounce Religion


You were on level 1 of the Dungeon.
You worshipped Xom.
You were a very special plaything of Xom.
You visited 1 branch of the dungeon, and saw 2 of its levels.

You collected 89 gold pieces.

Inventory:

Hand Weapons
 a - a +0 falchion of chaos (weapon)
Armour
 b - a +2 leather armour (worn)
Jewellery
 g - a ring of positive energy (right hand)
 i - a +6 ring of intelligence (left hand)
Scrolls
 c - a scroll of butterflies
 d - a scroll of revelation {unknown}
 h - a scroll of poison {unknown}
 k - a scroll of amnesia {unknown}
Potions
 e - a potion of lignification {unknown}
 f - a potion of haste {unknown}
 j - a potion of curing {unknown}
 l - a potion of degeneration {unknown}


   Skills:
 + Level 3.2 Fighting
 + Level 3.0 Long Blades
 + Level 1.2 Armour
 + Level 2.3 Dodging
 * Level 0.2 Spellcasting
 * Level 0.2 Conjurations
 * Level 0.2 Hexes
 * Level 0.2 Summonings
 * Level 0.2 Necromancy
 * Level 0.2 Translocations
 * Level 0.2 Fire Magic
 * Level 0.2 Ice Magic
 * Level 0.2 Air Magic
 * Level 0.2 Earth Magic
 * Level 0.2 Alchemy You didn't know any spells. Your spell library was empty.

Dungeon Overview and Level Annotations

Branches:
Dungeon (2/15)

Altars:


Innate Abilities, Weirdness & Mutations

You are immune to sickness and miasma.
You are immune to poison.
Your flesh is very heat resistant. (rF++)
You are vulnerable to cold. (rC-)
You float through the air rather than walking.
You learn spells naturally, not from books.
Your magical power is your life essence.
You have superior vitality. (+4 MHP)
Your spells are a little easier to cast, but a little less powerful.


Message History

Done waiting.
You start waiting.
Done waiting.
You start waiting.
Done waiting.
You start waiting. "Fight to survive, mortal."
A chaos spawn is nearby!
You fly downwards.
There is a stone staircase leading up here.
You start waiting. "Fight to survive, mortal."
There are monsters nearby!
There are monsters nearby!
The ufetubus hits you but does no damage. x2
The white imp barely misses you.
You see here a rat skeleton.
You hit the white imp.
The white imp is lightly wounded.
The ufetubus hits you. The ufetubus closely misses you.
The ufetubus slips past you! The ufetubus barely misses you.
The ufetubus hits you but does no damage.
The white imp gestures at you. The puff of frost hits you!
You feel a terrible chill!
Xom is amused.
Ouch! That really hurt!
* * * LOW HITPOINT WARNING * * *
The ufetubus barely misses you. The ufetubus completely misses you.
The white imp gestures at you. The puff of frost hits you.
* * * LOW HITPOINT WARNING * * *
There is a stone staircase leading up here.
Unknown command.
The ufetubus closely misses you. The ufetubus barely misses you. x2
The ufetubus hits you but does no damage.
You fly upwards.
The chaos spawn barely misses you.
There is a stone staircase leading down here.
The chaos spawn attacks as it pursues you!
The chaos spawn trunk-slaps you!
You die...

#....# ###########
#....# #.........#
#....# #.........#
#....# #.........#
#..... #.>.......##
#..... #..........#
#..... #..4.......#
#....# #..@.......#
##.### #..........##
#.# #
#...........####.###
#####.#####....#....
#.#######....###
##.##.÷..........
##.....#######.##.
###...#### #....##.
#...#.# #....###


You could see a chaos spawn (summoned).

Vanquished Creatures
  4 ball pythons (D:1)
  2 endoplasms (D:1)
  2 giant cockroaches (D:1)
  A goblin (D:1)
  A hobgoblin (D:1)
  2 bats (D:1)
  3 frilled lizards (D:1)
  A kobold (D:1)
  2 rats
18 creatures vanquished.

Notes
Turn   | Place    | Note
-------+----------+-------------------------------------------
     0 | D:1      | Xavori the Djinni Chaos Knight began the quest for the Orb.
     0 | D:1      | Reached XP level 1. HP: 20/20 MP: 0/0
   136 | D:1      | Reached XP level 2. HP: 22/25 MP: 0/0
   311 | D:1      | XOM: divination: detect items
   426 | D:1      | XOM: god gift: 14 gold pieces
   734 | D:1      | XOM: give mutation
   734 | D:1      | Gained mutation: You occasionally lose the ability to drink
                  | potions when taking damage. [Xom's mischief]
   878 | D:1      | XOM: silly message
  1157 | D:1      | XOM: give mutations
  1157 | D:1      | Gained mutation: Your mind is acute. (Int +4, Str/Dex -1)
                  | [Xom's mischief]
  1157 | D:1      | Lost mutation: You occasionally lose the ability to drink
                  | potions when taking damage. [Xom's mischief]
  2209 | D:1      | XOM: draining
  2491 | D:1      | XOM: give mutation
  2491 | D:1      | Gained mutation: Your spells are a little harder to cast,
                  | but a little more powerful. [Xom's grace]
  2779 | D:1      | XOM: summons 3 hostile shadow creatures
  4132 | D:1      | XOM: give mutations
  4132 | D:1      | Lost mutation: Your spells are a little harder to cast, but
                  | a little more powerful. [Xom's mischief]
  4132 | D:1      | Gained mutation: You are clumsy. (Dex -2) [Xom's mischief]
  4274 | D:1      | XOM: give mutation
  4274 | D:1      | Lost mutation: You are clumsy. (Dex -2) [Xom's mischief]
  4338 | D:1      | XOM: give mutations
  4338 | D:1      | Gained mutation: You are frail. (-10% HP) [Xom's mischief]
  4338 | D:1      | Gained mutation: Your body sometimes deteriorates upon
                  | taking damage. [Xom's mischief]
  4338 | D:1      | Lost mutation: Your body sometimes deteriorates upon taking
                  | damage. [Xom's mischief]
  4338 | D:1      | Lost mutation: Your mind is acute. (Int +4, Str/Dex -1)
                  | [Xom's mischief]
  4478 | D:1      | XOM: god gift: amethyst potion {god gift}
  4508 | D:1      | XOM: silly message
  4518 | D:1      | XOM: silly message
  4613 | D:1      | XOM: silly message
  4814 | D:1      | Lost mutation: You are frail. (-10% HP) [potion of
                  | mutation]
  4814 | D:1      | Gained mutation: Your spells are a little easier to cast,
                  | but a little less powerful. [potion of mutation]
  5911 | D:1      | XOM: summons 1 hostile demon
  5912 | D:1      | Noticed a chaos spawn
  5927 | D:2      | XOM: summons 2 hostile demons
  5935 | D:1      | Mangled by a chaos spawn

Illustrated notes

Levels and vault maps discovered:
D:1:      saegor_arrival_simple_b, layout_rooms
D:2:      layout_basic, basic_altar, hex_medium, minmay_quadrilaterals

Skill      XL: |  1  2 |
---------------+-------+-----
Long Blades    | 3 |  3.0
Fighting       | |  3.2
Armour         | |  1.2
Dodging        | |  2.3
Spellcasting   | |  0.2
Conjurations   | |  0.2
Hexes          | |  0.2
Summonings     | |  0.2
Necromancy     | |  0.2
Translocations | |  0.2
Fire Magic     | |  0.2
Ice Magic      | |  0.2
Air Magic      | |  0.2
Earth Magic    | |  0.2
Alchemy        | |  0.2

Action                     || total
---------------------------++-------
  Melee: Falchion          ||    54
    Use: Potion            ||     1
 Armour: Leather armour    ||    39
  Dodge: Dodged            ||    52
